 Dungeon Crawl Stone Soup version 0.30-a0-711-gf4ac18a38d (webtiles) character file.

Game seed: 3126448857319175695

574 demibob the Gouger (level 7, 2/31 HPs)
             Began as a Felid Chaos Knight on Jan 22, 2023.
             Was a Plaything of Xom.
             Quit the game on level 6 of the Dungeon.
             The game lasted 00:10:50 (4789 turns).

demibob the Gouger (Felid Chaos Knight)             Turns: 4789, Time: 00:10:51

Health: 2/31       AC:  2    Str:  8    XL:     7   Next: 12%
Magic:  8/8        EV: 22    Int: 13    God:    Xom [.*....]
Gold:   311        SH:  5    Dex: 18    Spells: 6/6 levels left
                                        Lives:  1   Deaths: 1

rFire   . . .      SeeInvis +      - Unarmed
rCold   . . .      Faith    .    (shield unavailable)
rNeg    . . .      Spirit   .    (body armour unavailable)
rPois   .          Reflect  +    (helmet unavailable)
rElec   .          Harm     .    (cloak unavailable)
rCorr   .          Rampage  .    (gloves unavailable)
Will    +....                    (boots unavailable)
Stlth   ++                       i - amulet of reflection
HPRegen 0.00/turn                (no ring)
MPRegen 0.11/turn                (no ring)

@: inhibited regen, studying 2 skills, unable to drink, quick
A: very small, claws 1, fangs 3, see invisible, speed 1, shaggy fur 2, stealthy
paws, no weapons or thrown items, no armour, multi-lived, inhibited
regeneration, inability to drink after injury 1
a: Renounce Religion


You were on level 6 of the Dungeon.
You worshipped Xom.
You were a plaything of Xom.
You visited 1 branch of the dungeon, and saw 6 of its levels.

You collected 311 gold pieces.


Innate Abilities, Weirdness & Mutations

You have sharp claws.
You have razor-sharp teeth.
You have supernaturally acute eyesight. (SInv)
You cover ground quickly. (Speed+)
You are covered in thick fur. (AC +2)
Your paws help you pounce on unaware monsters.
You are incapable of wielding weapons or throwing items.
You cannot wear armour.
You gain extra lives every three experience levels.
You do not regenerate when monsters are visible.
You occasionally lose the ability to drink potions when taking damage.


   Skills:
 + Level 3.9 Fighting
 - Level 7.3 Dodging
 * Level 8.3 Unarmed Combat
 + Level 2.5 Evocations


You had 6 spell levels left.
You didn't know any spells.
Your spell library contained the following spells:

 Spells                   Type           Power      Damage    Failure   Level
 Sting                    Tmut/Pois      0%         1d3       30%         1
 Blink                    Tloc           0%         N/A       43%         2
 Lesser Beckoning         Tloc           0%         N/A       43%         2
 Momentum Strike          Conj/Tloc      0%         3d8       43%         2
 Poisonous Vapours        Pois/Air       0%         N/A       43%         2
 Ignite Poison            Fire/Tmut/Pois 0%         N/A       67%         3
 Kindle Blastsparks       Fire/Tloc/Air  0%         2d10      67%         3
 Olgreb's Toxic Radiance  Pois           0%         N/A       97%         4
 Freezing Cloud           Conj/Ice/Air   0%         6-21      100%        5

Inventory:

Jewellery
 i - an amulet of reflection (around neck)
 I - a +6 ring of intelligence
Wands
 n - a wand of digging (2)
Scrolls
 d - a scroll of amnesia
 e - a scroll of identify {@r1}
 k - a scroll of teleportation {@r2}
Potions
 b - a potion of cancellation
 c - 3 potions of lignification
 f - a potion of flight
 h - a potion of resistance
 j - a potion of heal wounds {unknown}
 m - a potion of curing {@q1}
 p - a potion of haste {@q3}
Miscellaneous
 a - a piece from Xom's chessboard (15/15) (quivered)

Dungeon Overview and Level Annotations

Branches:
Dungeon (6/15)             Temple (0/1) D:5

Altars:
Ashenzari
Elyvilon
Fedhas
Makhleb
Okawaru
Trog
Xom

#..........##.#
#.............#
#...........###
#.............#
#.............#
#.........!....##
#...............#
...........(...##
.......n..@.g.:#
.........g....#
.........g.g..#
.............#
.............#
.............#
..............#
..............#


You could see a necrophage, a gnoll sergeant and 3 gnolls.


Message History

The throwing net misses you. The gnoll closely misses you.
The gnoll completely misses you.
There is a stone staircase leading up here.
The gnoll completely misses you. x2
The gnoll sergeant completely misses you.
You climb upwards.
There is a stone staircase leading down here.
You barely miss the gnoll. You bite the gnoll, but do no damage.
The gnoll closely misses you.
You barely miss the gnoll. You claw the gnoll.
The gnoll is heavily wounded.
The gnoll closely misses you.
You claw the gnoll!
You kill the gnoll!
No target in view!
You climb downwards.
The gnoll throws a throwing net.
The throwing net hits you.
You become entangled in the net!
There is a stone staircase leading up here.
You see here a throwing net {=f}.
You struggle against the net.
The gnoll barely misses you.
You struggle against the net.
The gnoll hits you from afar with a +0 halberd!
You struggle against the net.
The gnoll hits you from afar with a +0 halberd.
You rip the net and break free!
The gnoll hits you from afar with a +0 halberd!
You feel threatened and lose the ability to drink potions!
* * * LOW HITPOINT WARNING * * *
Okay, then.
Are you sure you want to abandon this character and quit the game? (Confirm with "yes".)

Skill      XL: |  1  2  3  4  5  6  7  8 |
---------------+-------------------------+-----
Unarmed Combat | 4 5 6 8 |  8.3
Dodging        | 4 5 6 7 |  7.3
Evocations     | 1 2 |  2.5
Fighting       | |  3.9

Action                     |  1- 3 |  4- 6 |  7- 9 || total
---------------------------+-------+-------+-------++-------
  Melee: Unarmed           |    90 |   197 |    90 ||   377
         Bite              |    15 |    24 |    13 ||    52
         Punch             |     3 |     8 |     3 ||    14
    Use: Scroll            |     8 |     6 |     7 ||    21
         Potion            |       |     2 |     3 ||     5
   Stab: Sleeping          |     3 |     2 |     2 ||     7
 Armour: Skin              |     3 |     7 |     1 ||    11
  Dodge: Dodged            |    71 |   122 |    64 ||   257
  Block: Other             |       |    12 |    14 ||    26

Levels and vault maps discovered:
D:1:      ncdulo_wetmaze, layout_loops_ring,
          hellmonk_ecumenical_altar_heavens_door, grunt_decor_arrowhead,
          grunt_decor_clamped
D:2:      layout_basic, basic_altar, uniq_natasha
D:3:      layout_rooms, jmf_multi_god_temple
D:4:      layout_basic, trog_book, mainiacjoe_overflow_24_doors,
          evilmike_ruin_ashenzari, minmay_misc_feat_doors, uniq_duvessa,
          uniq_robin
D:5:      layout_basic, temple_hall
D:6:      due_chaos_kobolds, layout_cave_pods, mainiacjoe_overflow_alcove_2,
          mainiacjoe_overflow_chevrons, beargit_hepliaklqana_dungeon_heroes,
          biasface_ghost_orc_armoury, uniq_crazy_yiuf_cottage

Notes
Turn   | Place    | Note
-------+----------+-------------------------------------------
     0 | D:1      | demibob the Felid Chaos Knight began the quest for the Orb.
     0 | D:1      | Reached XP level 1. HP: 10/10 MP: 2/2
   215 | D:1      | Reached XP level 2. HP: 14/14 MP: 3/3
   239 | D:1      | Found a faded altar of an unknown god.
   331 | D:1      | XOM: potion effect (might)
   437 | D:1      | XOM: silly message
   557 | D:1      | Reached XP level 3. HP: 14/17 MP: 4/4
   947 | D:2      | Reached skill level 4 in Unarmed Combat
   950 | D:2      | XOM: enchant monster (bad)
   950 | D:2      | XOM: butterfly on damage
  1080 | D:2      | Reached skill level 4 in Dodging
  1103 | D:2      | XOM: enchant monster (bad)
  1106 | D:2      | XOM: cast spell 'Dispersal'
  1243 | D:2      | Reached XP level 4. HP: 21/21 MP: 5/5
  1297 | D:2      | XOM: 7-stop teleportation journey
  1468 | D:2      | Found a broken altar of Ashenzari.
  1517 | D:2      | Noticed Natasha
  1532 | D:2      | Killed Natasha
  1655 | D:3      | Reached skill level 5 in Unarmed Combat
  1655 | D:3      | XOM: butterfly on damage
  1737 | D:3      | Reached XP level 5. HP: 20/24 MP: 6/6
  1763 | D:3      | XOM: stat loss: -1 Str (7/8)
  1806 | D:3      | Found a blossoming altar of Fedhas.
  1808 | D:3      | Found an iron altar of Okawaru.
  1823 | D:3      | XOM: summons 2 hostile shadow creatures
  1898 | D:3      | HP: 2/23 [orc priest/divine providence (12)]
  1903 | D:3      | HP: 1/23 [orc priest/+0 short sword (2)]
  1905 | D:3      | Reached skill level 5 in Dodging
  2011 | D:3      | XOM: 4-stop teleportation journey
  2278 | D:3      | XOM is BORED!
  2486 | D:4      | Found a burning altar of Makhleb.
  2520 | D:4      | Found a broken altar of Ashenzari.
  2530 | D:4      | Noticed Duvessa
  2530 | D:4      | Noticed Dowan
  2541 | D:4      | Killed Duvessa
  2542 | D:4      | Gained mutation: You are covered in thick fur. (AC +2)
                  | [Felid growth]
  2542 | D:4      | Reached XP level 6. HP: 28/28 MP: 7/7
  2548 | D:4      | Killed Dowan
  2549 | D:4      | Reached skill level 6 in Unarmed Combat
  2739 | D:4      | XOM: silly message
  2741 | D:4      | XOM: confusion (+ monsters)
  2768 | D:4      | Reached skill level 6 in Dodging
  2798 | D:4      | Noticed Robin
  2817 | D:4      | XOM: fog
  2819 | D:4      | Killed Robin
  2923 | D:4      | XOM: summons 4 hostile demons
  2991 | D:4      | XOM: summons 2 hostile demons
  3203 | D:4      | Reached XP level 7. HP: 31/31 MP: 8/8
  3229 | D:4      | Found a bloodstained altar of Trog.
  3312 | D:5      | Entered Level 5 of the Dungeon
  3443 | D:5      | XOM: give mutations
  3443 | D:5      | Gained mutation: You do not regenerate when monsters are
                  | visible. [Xom's mischief]
  3443 | D:5      | Gained mutation: You occasionally lose the ability to drink
                  | potions when taking damage. [Xom's mischief]
  3443 | D:5      | Gained mutation: You are clumsy. (Dex -2) [Xom's mischief]
  3443 | D:5      | Lost mutation: You are clumsy. (Dex -2) [Xom's mischief]
  3624 | D:5      | XOM: confuse monster(s)
  3627 | D:5      | Reached skill level 7 in Unarmed Combat
  3674 | D:5      | XOM: noise
  3677 | D:5      | XOM: silly message
  3697 | D:5      | XOM: stat loss: -1 Str (7/8)
  3709 | D:5      | Reached skill level 7 in Dodging
  3723 | D:5      | XOM: smoke on damage
  3741 | D:5      | XOM: torment (9/31 hp)
  3849 | D:5      | XOM: noise
  4184 | D:5      | Found a staircase to the Ecumenical Temple.
  4264 | D:5      | Identified 2 scrolls of acquirement
  4264 | D:5      | Acquired a manual of Evocations
  4266 | D:5      | Acquired a manual of Fighting
  4270 | D:5      | Identified a potion of resistance
  4302 | D:6      | XOM: enchant monster (bad)
  4305 | D:6      | XOM: potion effect (might)
  4324 | D:6      | Reached skill level 8 in Unarmed Combat
  4324 | D:6      | Reached skill level 1 in Evocations
  4330 | D:6      | Reached XP level 8. HP: 5/34 MP: 9/9
  4491 | D:5      | XOM: scenery: create altars
  4544 | D:6      | XOM: divination: magic mapping
  4548 | D:6      | Reached skill level 2 in Evocations
  4562 | D:6      | XOM: 1-stop teleportation journey
  4722 | D:6      | HP: 3/36 [acid dragon (3)]
  4727 | D:6      | Killed from afar by an acid dragon
  4728 | D:6      | Reached XP level 7. HP: -22/31 MP: 8/8
  4738 | D:6      | Found a white marble altar of Elyvilon.
  4788 | D:6      | HP: 2/31 [gnoll/+0 halberd[a gnoll sergeant] (15)]
  4789 | D:6      | Quit the game

Vanquished Creatures
  Duvessa (D:4)
  2 ogres
  2 scorpions
  3 necrophages
  Dowan (D:4)
  A gnoll bouda (D:5)
  A jelly (D:6)
  3 orc priests
  An iguana (D:5)
  2 orc wizards
  Natasha (D:2)
  Robin (D:4)
  6 gnolls (D:5)
  7 adders
  An ufetubus (D:6)
  2 worms
  3 dart slugs
  7 orcs
  5 ball pythons
  9 endoplasms
  2 giant cockroaches
  12 goblins
  11 hobgoblins
  5 jackals (D:1)
  7 kobolds
  5 quokkas
  4 bats
  4 frilled lizards
  3 rats (D:3)
112 creatures vanquished.

Table legend: (Time is in decaauts)
 A = Elapsed time spent in this place.
 B = Non-inter-level travel time spent in this place.
 C = Inter-level travel time spent in this place.
 D = Time resting spent in this place.
 E = Time spent auto-exploring this place.
 F = Levels seen in this place.
 G = Mean time per level.
                   A        B        C        D        E       F      G
               +--------+--------+--------+--------+--------+-----+--------+
         Total |   4175 |   4004 |    171 |    766 |   2360 |   6 |  695.8 |
       Dungeon |   4175 |   4004 |    171 |    766 |   2360 |   6 |  695.8 |
               +--------+--------+--------+--------+--------+-----+--------+

Top non-repeatable levels by time:
     D:5: 1023 daAuts
     D:4: 796 daAuts
     D:1: 791 daAuts
     D:2: 662 daAuts
     D:3: 645 daAuts
     D:6: 255 daAuts

Table legend:
 A = Non-vault XP
 B = Vault XP
 C = Vault XP percentage of total XP
 D = Non-vault monster count
 E = Vault monster count
 F = Vault count percentage of total count
                 A         B        C        D         E       F
            +---------+---------+-------+---------+---------+-------
      Total |    1299 |     289 |  18.2 |      94 |      18 |  16.1
            +---------+---------+-------+---------+---------+-------
        D:1 |      45 |       0 |   0.0 |      22 |       0 |   0.0
        D:2 |      78 |      35 |  31.0 |      17 |       1 |   5.6
        D:3 |     113 |       4 |   3.4 |      21 |       2 |   8.7
        D:4 |     259 |     250 |  49.1 |      10 |      15 |  60.0
        D:5 |     497 |       0 |   0.0 |      17 |       0 |   0.0
        D:6 |     307 |       0 |   0.0 |       7 |       0 |   0.0
            +---------+---------+-------+---------+---------+-------
